 Dungeon Crawl Stone Soup version 0.18.1-50-g88ac8fd (webtiles) character file.

397 Gargoyl the Distorting Demonspawn (level 6, -4/72 HPs)
             Began as a Demonspawn Abyssal Knight on Oct 5, 2016.
             Was a Believer of Lugonu.
             Killed by divine providence
             ... invoked by an orc priest
              (12 damage)
             ... on level 4 of the Dungeon.
             The game lasted 00:05:32 (3087 turns).

Gargoyl the Distorting Demonspawn (DsAK)            Turns: 3087, Time: 00:05:33

Health: -4/72      AC: 12    Str: 19    XL:     6   Next: 53%
Magic:  9/9        EV: 10    Int: 19    God:    Lugonu [**....]
Gold:   265        SH:  5    Dex: 12    Spells: 0 memorised, 5 levels left

rFire  . . .     SeeInvis .     i - +1 hand axe (elec)
rCold  + . .     Gourm    .     s - +0 scale mail
rNeg   . . .     Faith    .     d - +2 buckler
rPois  .         Spirit   .     (no helmet)
rElec  .         Dismiss  .     m - +1 cloak
rCorr  +         Reflect  .     p - +0 pair of gloves
SustAt .         Harm     .     (no boots)
MR     .....                    (no amulet)
Stlth  ..........               l - ring of resist corrosion
                                e - ring of protection from cold

@: brilliant, berserking, very quick, not resistant to hostile enchantments,
extremely unstealthy
A: thin metallic scales 1, spiny 2
a: Depart the Abyss, Bend Space, Renounce Religion


You were on level 4 of the Dungeon.
You worshipped Lugonu.
Lugonu was pleased with you.
You were very hungry.

You visited 1 branch of the dungeon, and saw 4 of its levels.
You visited the Abyss 1 time.

You collected 265 gold pieces.

Inventory:

Hand Weapons
 a - a +2 hand axe
 i - a +1 hand axe of electrocution (weapon)
Missiles
 t - 4 tomahawks (quivered)
Armour
 d - a +2 buckler (worn)
 m - a +1 cloak (worn)
 p - a +0 pair of gloves (worn)
 s - a +0 scale mail (worn)
Jewellery
 e - a ring of protection from cold (left hand)
 l - a ring of resist corrosion (right hand)
Scrolls
 b - a scroll of remove curse
 q - a scroll of enchant weapon
 r - a scroll of identify
Potions
 g - 2 potions of brilliance
 j - a potion of heal wounds {unknown}
 n - a potion of cure mutation {unknown}
 v - a potion of invisibility {unknown}
Comestibles
 c - 4 bread rations
 f - a slice of pizza
 k - a beef jerky


   Skills:
 + Level 4.0 Fighting
 + Level 2.8 Axes
 * Level 3.6 Armour
 + Level 2.7 Dodging
 + Level 0.6 Shields
 * Level 4.3 Invocations


You had 5 spell levels left.
You didn't know any spells.

Dungeon Overview and Level Annotations

Branches:
Dungeon (4/15)
 Temple: D:4-7

Altars:


Innate Abilities, Weirdness & Mutations

You are partially covered in thin metallic scales (AC +2).
You are mostly covered in sharp spines.


Message History

Drink which item? (? for menu, Esc to quit)
It was a potion of berserk rage.
A red film seems to cover your vision as you go berserk!
You feel yourself moving faster!
You feel mighty!
The orc priest is struck by your spines.
The orc priest hits you.
* * * LOW HITPOINT WARNING * * *
Something hits you but does no damage.
You slash something! Lugonu accepts your kill.
Reactivating autopickup.
You feel a bit more experienced.
You hit the orc priest.
The orc priest is severely wounded.
The orc priest hits you from afar with a trident.
* * * LOW HITPOINT WARNING * * *
The orc priest barely misses you.
You are feeling very hungry.
The orc priest calls down the wrath of Beogh upon you.
Beogh smites you!
You die...

#. ... #. #.###...
########.... ........
............ ......
#......... . ....#
#.......# .. #..#
#.......#
..#.##..#####.......####
.......o............'...
...#..@#####.......####
......o.# #########
.....#.## ##.. .. ...
### ##


You could see 2 orc priests.

Vanquished Creatures
  Sigmund (D:3)
  3 orc wizards
  A worker ant (D:3)
  4 adders
  3 oozes
  2 dart slugs
  2 giant geckos
  10 orcs (D:3)
  5 bats
  6 giant cockroaches
  6 goblins
  6 hobgoblins
  4 jackals (D:3)
  A quokka (D:3)
  2 ball pythons
  3 giant newts (D:2)
  7 kobolds
  A quokka skeleton (D:4)
  3 rats
70 creatures vanquished.

Notes
Turn   | Place    | Note
--------------------------------------------------------------
     0 | Abyss:1  | Gargoyl the Demonspawn Abyssal Knight began the quest for the Orb.
     0 | Abyss:1  | Reached XP level 1. HP: 18/18 MP: 2/2
    26 | Abyss:1  | Found a bloodstained altar of Trog.
    81 | Abyss:2  | Noticed a storm dragon skeleton
    99 | Abyss:2  | Noticed an iron imp
   110 | D:1      | Escaped the Abyss
   301 | D:1      | Reached * piety under Lugonu
   642 | D:1      | Gained mutation: You are partially covered in sharp spines. [demonic ancestry]
   642 | D:1      | Reached XP level 2. HP: 6/24 MP: 3/3
  1361 | D:2      | Reached skill level 1 in Dodging
  1364 | D:2      | Reached XP level 3. HP: 26/29 MP: 5/5
  2114 | D:3      | Reached XP level 4. HP: 32/36 MP: 6/6
  2320 | D:3      | Noticed Sigmund
  2332 | D:3      | Reached ** piety under Lugonu
  2334 | D:3      | Killed Sigmund
  2334 | D:3      | Gained mutation: You are partially covered in thin metallic scales (AC +2). [demonic ancestry]
  2334 | D:3      | Reached XP level 5. HP: 20/42 MP: 6/8
  2334 | D:3      | Gained mutation: You are mostly covered in sharp spines. [demonic ancestry]
  2334 | D:3      | Reached XP level 6. HP: 23/48 MP: 6/9
  3087 | D:4      | Killed from afar by an orc priest

Skill      XL: |  1  2  3  4  5  6 |
---------------+-------------------+-----
Axes           | 2 |  2.8
Armour         | 2 3 |  3.6
Dodging        | 1 2 |  2.7
Invocations    | 3 4 |  4.3
Fighting       | 4 |  4.0
Shields        | |  0.6

Action                   |  1- 3 |  4- 6 || total
-------------------------+-------+-------++-------
Melee: Hand axe          |    66 |    52 ||   118
Invok: Depart the Abyss  |     1 |       ||     1
  Use: Potion            |     1 |     2 ||     3
       Scroll            |     4 |     4 ||     8
  Eat: Chunk             |     4 |     2 ||     6
Armor: Leather armour    |    16 |     4 ||    20
       Scale mail        |       |    14 ||    14
Dodge: Dodged            |    34 |    24 ||    58
Block: Buckler           |    15 |     5 ||    20
